 Dungeon Crawl Stone Soup version 0.21-a0-529-g8c7b3f5d53 (webtiles) character file.

210 GordonOverkill the Charlatan (level 5, -16/39 HPs)
             Began as a Mummy Artificer on Dec 10, 2017.
             Killed themself with a badly aimed fireball (21 damage)
             ... on level 3 of the Dungeon.
             The game lasted 00:06:49 (3836 turns).

GordonOverkill the Charlatan (Mummy Artificer)      Turns: 3836, Time: 00:06:50

Health: -16/39     AC:  9    Str: 16    XL:     5   Next: 57%
Magic:  7/7        EV:  9    Int: 10    God:
Gold:   153        SH:  0    Dex: 13    Spells: 4/4 levels left

rFire    x . .     SeeInvis .   j - +1 hand axe
rCold    + . .     Gourm    .   (no shield)
rNeg     + + +     Faith    .   k - +0 chain mail
rPois    ∞         Spirit   .   m - +0 helmet
rElec    .         Reflect  .   (no cloak)
rCorr    .         Harm     .   (no gloves)
MR       .....                  (no boots)
Stlth    ..........             (no amulet)
HPRegen  0.13/turn              i - +2 ring of evasion
MPRegen  0.10/turn              (no ring)

@: no status effects
A: no food or potions, fire vulnerability, cold resistance 1, negative energy
resistance 3, torment resistance, unbreathing
a: no special abilities


You were on level 3 of the Dungeon.
You were not hungry.

You visited 1 branch of the dungeon, and saw 3 of its levels.

You collected 153 gold pieces.

Inventory:

Hand Weapons
 j - a +1 hand axe (weapon)
Armour
 k - a +0 chain mail (worn)
 m - a +0 helmet (worn)
Jewellery
 i - a +2 ring of evasion (left hand)
Wands
 c - a wand of flame (9)
 d - a wand of enslavement (13)
 e - a wand of random effects (10)
Scrolls
 a - a scroll of remove curse
 b - a scroll of enchant weapon
 f - a scroll of fear
 g - 2 scrolls of identify
 l - a scroll of teleportation


   Skills:
 + Level 2.5 Fighting
   Level 0.7 Short Blades
 + Level 1.4 Axes
 + Level 1.8 Armour
 + Level 2.6 Dodging
 - Level 0.7 Stealth
 + Level 3.2 Evocations


You had 4 spell levels left.
You didn't know any spells.

Dungeon Overview and Level Annotations

Branches:
Dungeon (3/15)

Altars:
Fedhas
Makhleb
Vehumet


Innate Abilities, Weirdness & Mutations

You do not eat or drink.
Your flesh is vulnerable to fire.
You are immune to poison.
Your flesh is cold resistant. (rC+)
You are immune to negative energy. (rN+++)
You are immune to unholy pain and torment.
You can survive without breathing.


Message History

Press: ? - help, Shift-Dir - straight line The fireball explodes!
The fireball engulfs something.
The fireball engulfs you! The fire burns you terribly!
* * * LOW HITPOINT WARNING * * *
You hear some strange, mumbled words.
Something tries to affect you, but you resist.
Unknown command.
Evoke which item? (* to show all) (? for menu, Esc to quit)
Aiming: Random Effects
Press: ? - help, Shift-Dir - straight line Something hits you but does no damage.
Evoke which item? (* to show all) (? for menu, Esc to quit)
Aiming: Random Effects
Press: ? - help, Shift-Dir - straight line The fireball explodes!
The fireball engulfs something.
Reactivating autopickup.
You feel a bit more experienced. The fireball engulfs you!
The fire burns you terribly!
Ouch! That really hurt!
You die...

#.####.†...................
#......#)#.################
####.#.#.#.# #.#.#.#.#
###.#.#.# #.#.#.# #.#.#.# .
#.#.#.# ..o ..# #@###.....
#)).'...<. #####..... ... #


There were no monsters in sight!

Vanquished Creatures
  An orc priest (D:2)
  2 orc wizards (D:3)
  Robin (D:2)
  4 adders
  An ooze (D:1)
  A worm (D:3)
  A dart slug (D:3)
  2 leopard geckos
  4 orcs
  A ball python (D:1)
  5 bats
  2 giant cockroaches
  12 goblins
  8 hobgoblins
  11 jackals
  4 kobolds
  2 quokkas (D:3)
  3 frilled lizards
  8 rats
73 creatures vanquished.

Vanquished Creatures (collateral kills)
  A giant cockroach (D:1)
1 creature vanquished.

Grand Total: 74 creatures vanquished

Notes
Turn   | Place    | Note
-------+----------+-------------------------------------------
     0 | D:1      | GordonOverkill the Mummy Artificer began the quest for the Orb.
     0 | D:1      | Reached XP level 1. HP: 15/15 MP: 2/2
   351 | D:1      | Reached XP level 2. HP: 14/21 MP: 3/3
  1434 | D:2      | Reached XP level 3. HP: 22/27 MP: 5/5
  1520 | D:2      | Reached skill level 1 in Armour
  1760 | D:2      | Found a burning altar of Makhleb.
  1775 | D:2      | Found a radiant altar of Vehumet.
  2238 | D:2      | Reached XP level 4. HP: 33/33 MP: 6/6
  2548 | D:3      | Noticed Robin
  2757 | D:2      | Killed Robin
  3118 | D:2      | Reached skill level 1 in Axes
  3118 | D:2      | Reached skill level 3 in Evocations
  3357 | D:3      | Reached XP level 5. HP: 38/38 MP: 7/7
  3455 | D:3      | Found a blossoming altar of Fedhas.
  3836 | D:3      | Killed themself with a badly aimed fireball

Vault maps used:
D:1:      minmay_arrival_four_circles
D:2:      nicolae_overflow_hidden_temple, first_bread
D:3:      overflow_temple_1_default, uniq_robin

Skill      XL: |  1  2  3  4 |
---------------+-------------+-----
Dodging        | 2 |  2.6
Armour         | 1 |  1.8
Fighting       | 2 |  2.5
Axes           | 1 |  1.4
Evocations     | 3 |  3.2
Short Blades   | |  0.7
Stealth        | |  0.7

Action                   |  1- 3 |  4- 6 || total
-------------------------+-------+-------++-------
Melee: Short sword       |    60 |       ||    60
       Hand axe          |    97 |   162 ||   259
Evoke: Wand              |     7 |     6 ||    13
  Use: Scroll            |       |     6 ||     6
 Stab: Sleeping          |     1 |       ||     1
Armor: Leather armour    |    29 |       ||    29
       Chain mail        |    58 |    90 ||   148
       Ring mail         |     4 |       ||     4
Dodge: Dodged            |   123 |    74 ||   197

Table legend:
 A = Spawn XP
 B = Non-spawn XP
 C = Spawn XP percentage of total XP
 D = Spawn monster count
 E = Non-spawn monster count
 F = Spawn count percentage of total count
 G = Total turns spent on level
                    A         B        C        D         E        F      G
               +---------+---------+-------+---------+---------+-------+---------
         Total |       0 |     301 |   0.0 |       0 |      74 |   0.0 |  3836
               +---------+---------+-------+---------+---------+-------+---------
           D:1 |       0 |      30 |   0.0 |       0 |      15 |   0.0 |  1111
           D:2 |       0 |     142 |   0.0 |       0 |      29 |   0.0 |  2060
           D:3 |       0 |     129 |   0.0 |       0 |      30 |   0.0 |   665
               +---------+---------+-------+---------+---------+-------+---------
